 Dungeon Crawl Stone Soup version 0.25-a0-399-gcf1075a8b3 (webtiles) character file.

Game seed: 16059933004084968734, levelgen mode: deterministic

3845 night the Tainter (level 9, -1/112 HPs)
             Began as a Red Draconian Venom Mage on Jan 8, 2020.
             Was a Follower of Vehumet.
             Slain by a centaur zombie (5 damage)
             ... in an ossuary.
             The game lasted 00:28:18 (8538 turns).

night the Tainter (Red Draconian Venom Mage)        Turns: 8538, Time: 00:28:18

Health: -1/112     AC: 24    Str: 14 (16) XL:     9   Next: 98%
Magic:  19/21      EV:  2    Int: 17 (18) God:    Vehumet [*.....]
Gold:   81         SH:  0    Dex:  9 (12) Spells: 11/24 levels left

rFire    . . .     SeeInvis .   r - +1 short sword (speed)
rCold    . . .     Gourm    .   (no shield)
rNeg     + + +     Faith    .   (armour unavailable)
rPois    +         Spirit   .   (helmet currently unavailable)
rElec    .         Reflect  .   (cloak currently unavailable)
rCorr    .         Harm     .   (gloves currently unavailable)
MR       .....     NoTele   +   (boots currently unavailable)
Stlth    ++........             (no amulet)
HPRegen  0.28/turn              p - +5 ring of strength
MPRegen  0.17/turn              (no ring)

@: tree-form, marked
A: (breathe fire), unfitting armour, AC +7
a: Renounce Religion


You were in an ossuary.
You worshipped Vehumet.
Vehumet was aware of your devotion.
You were not hungry.
You were a tree.
You visited 2 branches of the dungeon, and saw 9 of its levels.
You also visited: Ossuary.

You collected 265 gold pieces.
You spent 184 gold pieces at shops.

Inventory:

Hand Weapons
 r - a +1 short sword of speed (weapon)
 w - the +8 shortbow "Eheshryup" {velocity, rElec rPois rN+ Stlth+}
   (You bought it in a shop on level 6 of the Dungeon)

   Any arrow fired from it inflicts extra damage.
   It insulates you from electricity.
   It protects you from poison.
   It protects you from negative energy.
   It makes you more stealthy.
Missiles
 o - 9 boomerangs (quivered)
 x - 41 arrows
Jewellery
 p - a +5 ring of strength (left branch)
Wands
 j - a wand of digging (11)
 s - a wand of iceblast (6)
 y - a wand of acid (10)
Scrolls
 a - 2 scrolls of magic mapping
 c - a scroll of enchant weapon {unknown}
 d - a scroll of fog {unknown}
 e - 3 scrolls of teleportation
 g - 4 scrolls of remove curse
 h - 2 scrolls of enchant armour {unknown}
 i - 6 scrolls of amnesia
 k - 3 scrolls of identify {unknown}
 m - a scroll of noise {unknown}
 v - 2 scrolls of summoning {unknown}
 z - a scroll of random uselessness {unknown}
Potions
 f - a potion of flight {unknown}
 l - a potion of curing {unknown}
 n - a potion of lignification
 q - a potion of degeneration
 t - 2 potions of heal wounds {unknown}
 u - a potion of brilliance {unknown}
 A - a potion of haste {unknown}
 B - a potion of mutation {unknown}
Comestibles
 b - 13 rations


   Skills:
 + Level 5.6 Fighting
 - Level 1.7 Dodging
 - Level 1.7 Stealth
 - Level 8.1 Spellcasting
 - Level 2.0 Transmutations
 + Level 6.2 Fire Magic
 - Level 9.1 Poison Magic


You had 11 spell levels left.
You knew the following spells:

 Your Spells              Type           Power        Failure   Level  Hunger
a - Sting                 Tmut/Pois      ####         1%          1    None
b - Poisonous Vapours     Pois/Air       ###...       2%          2    None
c - Ignite Poison         Fire/Tmut/Pois ####....     3%          3    #......
d - Olgreb's Toxic Radia  Pois           #####...     2%          4    ###....
v - Mephitic Cloud        Conj/Pois/Air  ###.....     9%          3    #......

Your spell library contained the following spells:

 Spells                   Type           Power        Failure   Level  Hunger
 Sandblast                Erth           #.....       11%         1    None


Dungeon Overview and Level Annotations

Branches:
Dungeon (8/15)             Temple (1/1) D:6         Ossuary (1/1)
   Lair: D:8-11

Altars:
Ashenzari
Dithmenos
Elyvilon
Fedhas
Gozag
Kikubaaqudgha
Makhleb
Okawaru
Qazlal
Ru
Trog
Uskayaw
Vehumet
Wu Jian
Xom
Yredelemnul
Zin

Shops:
D:6 }([


Innate Abilities, Weirdness & Mutations

((You can breathe blasts of fire.))
((Your fiery red scales are hard. (AC +7)))
You cannot fit into any form of body armour.
((Your flesh is heat resistant. (rF+)))
((You are cold-blooded and may be slowed by cold attacks.))


Message History

The mummy blinks!
The hobgoblin zombie blinks!
The mummy blinks!
The hobgoblin zombie blinks!
The mummy blinks!
You blink.
The hobgoblin zombie blinks!
The centaur zombie closely misses you. The centaur zombie hits you.
* * * LOW HITPOINT WARNING * * *
Really walk into that dispersal trap?
You enter a dispersal trap!
The centaur zombie blinks!
The mummy blinks!
The centaur zombie blinks! x2; The mummy blinks!
You blink.
The centaur zombie hits you but does no damage.
The centaur zombie hits you!
* * * LOW HITPOINT WARNING * * *
It was a potion of lignification.
You turn into a tree.
Your roots penetrate the ground.
The centaur zombie hits you but does no damage.
It was a potion of degeneration.
There was something very wrong with that liquid.
You feel weakened.
You feel dopey.
You feel clumsy.
The centaur zombie hits you but does no damage.
The centaur zombie hits you.
You die...

###########
#.#.#.#.#.###########
....(...............##
§Z..^................#
...^.........∩.∩.....#
.....^..^.§^.M.ZZ....#
§^...^..........♣...##
#.#.#.#.#.###########
###########


You could see a mummy and 2 centaur zombies.

Vanquished Creatures
  2 ugly things
  Grinder (D:4)
  A hornet (D:5)
  A hippogriff (D:7)
  4 sky beasts
  Duvessa (D:7)
  A black bear (D:7)
  An ice beast (D:8)
  A centaur (D:7)
  4 ogres
  A phantom (D:5)
  3 bullfrogs
  Dowan (D:7)
  A scorpion (D:4)
  4 crimson imps
  A quasit (D:7)
  5 hounds
  A jelly (D:8)
  A bullfrog zombie (D:5)
  A bullfrog skeleton (D:5)
  An orc priest (D:5)
  6 orc wizards
  2 iguanas
  3 worker ants
  2 mummies (Ossuary)
  2 worker ant zombies (D:5)
  4 gnolls (D:4)
  14 adders
  2 shadow imps
  2 oozes
  3 leopard geckos
  23 orcs
  2 ball pythons
  5 giant cockroaches
  10 goblins
  10 hobgoblins
  9 jackals
  10 kobolds
  5 quokkas
  8 bats
  4 frilled lizards
  A leopard gecko skeleton (D:4)
  A quokka skeleton (D:7)
  10 rats
175 creatures vanquished.

Notes
Turn   | Place    | Note
-------+----------+-------------------------------------------
     0 | D:1      | night the Draconian Venom Mage began the quest for the Orb.
     0 | D:1      | Reached XP level 1. HP: 14/14 MP: 3/3
   228 | D:1      | Reached XP level 2. HP: 20/20 MP: 1/5
   907 | D:1      | Reached XP level 3. HP: 24/26 MP: 4/6
  1846 | D:2      | Found an ornate altar of the Wu Jian Council.
  1901 | D:2      | Reached XP level 4. HP: 33/33 MP: 6/8
  2209 | D:2      | Reached skill level 4 in Poison Magic
  2907 | D:3      | Learned a level 3 spell: Mephitic Cloud
  2911 | D:3      | Learned a level 3 spell: Ignite Poison
  2993 | D:3      | Reached XP level 5. HP: 37/38 MP: 10/10
  3300 | D:4      | Noticed a sky beast
  3334 | D:3      | Killed a sky beast
  3334 | D:3      | Reached skill level 5 in Poison Magic
  3334 | D:3      | Reached XP level 6. HP: 23/45 MP: 4/12
  3401 | D:3      | Learned a level 4 spell: Olgreb's Toxic Radiance
  3404 | D:3      | Learned a level 2 spell: Poisonous Vapours
  4122 | D:4      | Reached skill level 5 in Spellcasting
  4122 | D:4      | Your scales start taking on a fiery red colour.
  4122 | D:4      | Reached XP level 7. HP: 30/50 MP: 3/14
  4122 | D:4      | Gained mutation: Your flesh is heat resistant. (rF+) [Red
                  | Draconian growth]
  4339 | D:4      | Reached skill level 6 in Poison Magic
  4671 | D:4      | Noticed Grinder
  4675 | D:4      | Killed Grinder
  4675 | D:4      | Reached skill level 7 in Poison Magic
  4763 | D:4      | Reached XP level 8. HP: 40/57 MP: 12/17
  4927 | D:5      | Entered Level 5 of the Dungeon
  5323 | D:5      | Noticed a hornet
  5331 | D:5      | Killed a hornet
  5512 | D:5      | Reached skill level 8 in Poison Magic
  5991 | D:6      | Found a hide-covered altar of Uskayaw.
  6072 | D:6      | Found Xoupipso's Antique Armour Shop.
  6247 | D:6      | Found a shattered altar of Ashenzari.
  6263 | D:6      | Found Diplom's Antique Weapon Shop.
  6266 | D:6      | Bought a smoking shortbow for 184 gold pieces
  6266 | D:6      | Identified the +8 shortbow "Eheshryup" {velocity, rElec
                  | rPois rN+ Stlth+} (You bought it in a shop on level 6 of
                  | the Dungeon)
  6312 | D:6      | Found an opulent altar of Gozag.
  6381 | D:6      | Found Xaxziruw's Gadget Shoppe.
  6398 | D:6      | Found a staircase to the Ecumenical Temple.
  6700 | Temple   | Entered the Ecumenical Temple
  6781 | Temple   | Became a worshipper of Vehumet
  6863 | D:6      | Noticed a white ugly thing
  6878 | D:6      | Killed a white ugly thing
  6878 | D:6      | Reached skill level 9 in Poison Magic
  6878 | D:6      | Reached XP level 9. HP: 62/62 MP: 14/21
  6996 | D:6      | Reached skill level 1 in Fighting
  6996 | D:6      | Reached skill level 1 in Fire Magic
  7246 | D:7      | Noticed a brown ugly thing
  7301 | D:7      | Killed a brown ugly thing
  7346 | D:7      | Noticed Dowan
  7375 | D:7      | Killed Dowan
  7567 | D:7      | Noticed Duvessa
  7581 | D:7      | Reached skill level 5 in Fire Magic
  7582 | D:7      | Killed Duvessa
  7642 | D:7      | Reached * piety under Vehumet
  7642 | D:7      | Offered knowledge of Sandblast by Vehumet.
  7649 | D:7      | Reached skill level 5 in Fighting
  8462 | D:8      | Found a sand-covered staircase.
  8471 | Ossuary  | Entered an ossuary
  8536 | Ossuary  | HP: 2/75 [centaur zombie (8)]
  8538 | Ossuary  | Slain by a centaur zombie

Levels and vault maps discovered:
D:1:      giann_bridges, layout_basic, serial_glass, glass_columns_a,
          glass_columns_c
D:2:      layout_basic, lemuel_crystal_altar
D:3:      layout_loops_ring, first_ration, corexii_hall_statues_x
D:4:      layout_cave_pods, uniq_grinder
D:5:      kb_forest_paths, layout_basic
D:6:      layout_rooms, nicolae_ashenzari_panopticon,
          eat_drink_and_be_merry_uskayaw, nicolae_overflow_hidden_temple,
          minmay_temple_entry_slanted, serial_shops, shop, kennysheep_mini,
          shop_statue
D:7:      layout_cave_pools, uniq_duvessa
D:8:      layout_basic, chequers_temple_overflow_statue_of_worship,
          old_standard_altar, enter_ossuary_1, the_bakery, nicolae_two_hexagons
Temple:   dshaligram_water_room_temple
Ossuary:  ossuary_the_hunt_dpeg

Skill      XL: |  1  2  3  4  5  6  7  8  9 |
---------------+----------------------------+-----
Transmutations | 2 |  2.0
Spellcasting   | 3 4 5 6 8 |  8.1
Poison Magic   | 4 5 7 9 |  9.1
Fighting       | 5 |  5.6
Fire Magic     | 6 |  6.2
Dodging        | |  1.7
Stealth        | |  1.7

Action                   |  1- 3 |  4- 6 |  7- 9 || total
-------------------------+-------+-------+-------++-------
Melee: Unarmed           |     3 |       |       ||     3
       Short sword       |    41 |    66 |   121 ||   228
       Tailslap          |     4 |     4 |    19 ||    27
 Fire: Shortbow          |       |       |     1 ||     1
Throw: Boomerang         |       |       |     4 ||     4
 Cast: Sting             |    50 |    65 |    76 ||   191
       Mephitic Cloud    |       |     2 |    11 ||    13
       Poisonous Vapours |       |     7 |    57 ||    64
       Olgreb's Toxic Ra |       |     6 |    10 ||    16
       Ignite Poison     |       |     1 |    15 ||    16
 Abil: Breathe Fire      |       |       |     5 ||     5
  Use: Scroll            |       |       |     5 ||     5
       Potion            |       |       |     2 ||     2
 Stab: Confused          |       |       |     1 ||     1
       Sleeping          |       |       |     1 ||     1
  Eat: Chunk             |     4 |     7 |    15 ||    26
       Ration            |       |       |     1 ||     1
Armor: Skin              |    24 |    33 |    78 ||   135
Dodge: Dodged            |    51 |    60 |   117 ||   228

Table legend:
 A = Non-vault XP
 B = Vault XP
 C = Vault XP percentage of total XP
 D = Non-vault monster count
 E = Vault monster count
 F = Vault count percentage of total count
                 A         B        C        D         E       F
            +---------+---------+-------+---------+---------+-------
      Total |    4694 |     800 |  14.6 |     165 |      10 |   5.7
            +---------+---------+-------+---------+---------+-------
        D:1 |      53 |       0 |   0.0 |      30 |       0 |   0.0
        D:2 |      84 |       0 |   0.0 |      20 |       0 |   0.0
        D:3 |     342 |       0 |   0.0 |      32 |       0 |   0.0
        D:4 |     639 |     313 |  32.9 |      26 |       1 |   3.7
        D:5 |     715 |     240 |  25.1 |      18 |       5 |  21.7
        D:6 |    1157 |       0 |   0.0 |      13 |       0 |   0.0
        D:7 |    1447 |     211 |  12.7 |      19 |       2 |   9.5
        D:8 |     257 |       0 |   0.0 |       7 |       0 |   0.0
    Ossuary |       0 |      36 | 100.0 |       0 |       2 | 100.0
            +---------+---------+-------+---------+---------+-------
